Map: Dusk Towers

Players

kuojo - Winner!

  • Race: Terran Terran
  • League: Bronze

YesImPro

  • Race: Terran Terran
  • League: Bronze

VOD

Have the link to the VOD?

Description

Time

  • Played on: March 1, 2016, 10:23 p.m.
  • Length: 13:34
Show
View Real Time Build Order
Export as new Build Order

kuojo Terran - Winner!

Build Orders:  

Get SALT Encoding   

  12  0:03  SCV  
  13  0:15  SCV  
  14  0:27  SCV, Supply Depot  
  15  0:49  SCV  
  16  0:52  Barracks  
  16  0:54  Refinery  
  16  1:01  SCV  
  16  1:03  Supply Depot  
  17  1:13  SCV  
  18  1:25  SCV  
  19  1:37  SCV  
  19  1:39  Reaper  
  21  1:59  Orbital Command  
  21  2:04  Command Center  
  21  2:12  Barracks  
  21  2:29  Barracks Tech Lab  
  21  2:38  SCV, Factory  
  21  2:39  Refinery  
  21  2:50  SCV  
  22  2:54  Marine  
  23  3:02  SCV  
  24  3:11  Barracks Tech Lab  
  24  3:12  Marine  
  25  3:14  SCV  
  26  3:26  SCV  
  27  3:30  Factory Tech Lab, Marine  
  27  3:33  Starport  
  28  3:34  Bunker  
  28  3:38  SCV x2  
  28  3:41  Marine  
  31  3:48  Marine, Stimpack  
  32  3:50  SCV x2  
  34  3:59  Marauder  
  34  4:02  SCV x2  
  37  4:05  Refinery  
  38  4:13  Starport Reactor  
  38  4:14  SCV  
  38  4:15  SCV  
  40  4:26  SCV  
  40  4:28  Engineering Bay  
  40  4:30  Engineering Bay  
  41  4:32  Supply Depot x2  
  41  4:35  Supply Depot  
  41  4:38  SCV  
  41  4:41  Supply Depot  
  42  4:48  Siege Tank  
  42  4:50  Marine  
  46  4:53  SCV  
  47  5:05  SCV  
  48  5:15  Marine x2  
  48  5:18  SCV  
  48  5:19  Terran Infantry Armor Level 1, Terran Infantry Weapons Level 1  
  48  5:20  Siege Tank  
  54  5:29  Liberator  
  54  5:30  Missile Turret  
  54  5:32  SCV  
  54  5:33  Marine  
  54  5:34  Marauder  
  58  5:36  SCV  
  58  5:38  Missile Turret  
  59  5:44  SCV  
  59  5:48  SCV  
  64  5:51  Marauder  
  64  5:54  Marine  
  68  5:57  SCV  
  68  6:00  SCV  
  69  6:08  Armory  
  69  6:09  SCV  
  70  6:12  Missile Turret, Marine  
  70  6:13  Marauder  
  72  6:39  SCV  
  73  6:40  SCV  
  73  6:42  Missile Turret  
  74  6:51  SCV, Command Center  
  74  6:53  SCV  
  76  7:06  Supply Depot x2  
  76  7:09  Supply Depot  
  76  7:10  Liberator x2  
  76  7:25  Missile Turret  
  82  7:33  SCV  
  83  7:45  SCV  
  83  7:46  SCV  
  85  7:55  Refinery  
  85  7:57  SCV  
  85  7:58  SCV  
  87  8:03  Marine x2  
  89  8:08  Liberator  
  89  8:09  Liberator, SCV  
  89  8:10  SCV  
  91  8:18  Barracks  
  91  8:20  Marine x2  
  91  8:21  Barracks  
  91  8:23  Barracks  
  91  8:24  Barracks  
  91  8:25  Barracks  
  99  8:32  Siege Tank  
  102  8:39  Marauder x2  
  106  8:45  SCV  
  107  8:51  SCV  
  108  8:55  Orbital Command  
  108  8:57  SCV  
  109  9:03  Terran Ship Weapons Level 1, SCV  
  109  9:04  Siege Tank  
  109  9:05  Terran Infantry Weapons Level 2, Terran Infantry Armor Level 2  
  109  9:08  Medivac x2  
  117  9:11  Barracks Tech Lab x2  
  117  9:12  Barracks Tech Lab  
  117  9:23  Supply Depot  
  117  9:35  Supply Depot  
  117  9:36  Supply Depot  
  117  9:44  Marine x4  
  117  9:45  Marauder x2  
  125  9:46  SCV x2  
  125  9:47  Marauder  
  129  9:59  SCV x2  
  131  10:02  Marine x3  
  131  10:03  Marauder  
  131  10:06  Marauder  
  138  10:11  SCV  
  138  10:12  Marine x2  
  141  10:20  Marauder, Marine x2  
  145  10:23  SCV  
  145  10:24  Marauder  
  148  10:29  Marine  
  149  10:48  Supply Depot x2  
  149  10:49  Supply Depot  
  149  10:51  Supply Depot  
  149  10:59  Command Center  
  149  11:09  SCV, Marine x6  
  149  11:10  Marauder  
  158  11:21  SCV  
  159  11:27  Marauder, Marine  
  159  11:31  Marauder  
  164  11:33  SCV  
  165  11:42  Marine x3  
  165  11:43  Marauder  
  165  11:46  SCV  
  171  11:49  Marauder  
  171  11:52  Marauder  
  170  12:00  Marine x2  
  134  12:20  Marine x6  
  134  12:29  Medivac x2  
  138  12:37  SCV, Marine  
  138  12:38  SCV, Marauder x3  
  138  12:39  SCV  
  148  12:49  SCV  
  148  12:51  SCV x2  
  151  12:59  Medivac  
  151  13:01  SCV  
Show
View Real Time Build Order
Export as new Build Order

YesImPro Terran 

Build Orders:  

Get SALT Encoding   

  12  0:08  SCV  
  13  0:15  Supply Depot  
  13  0:24  SCV  
  14  0:29  Supply Depot  
  14  0:43  Barracks  
  14  0:51  SCV  
  15  0:59  Refinery  
  15  1:03  SCV  
  16  1:15  SCV  
  16  1:16  Engineering Bay  
  17  1:39  Marine  
  17  1:46  Missile Turret  
  18  1:55  SCV  
  18  1:57  Marine  
  20  2:09  Factory  
  20  2:15  Marine  
  21  2:25  Missile Turret  
  21  2:30  Supply Depot  
  21  2:33  Marine  
  21  2:34  Orbital Command  
  22  2:51  Marine  
  23  3:02  Starport  
  23  3:22  Marine  
  23  3:25  Command Center  
  23  3:26  Factory Tech Lab  
  24  3:37  SCV  
  24  3:38  Factory  
  25  3:48  Refinery  
  25  4:06  Armory  
  25  4:08  Marine  
  26  4:11  SCV  
  27  4:20  Liberator  
  27  4:25  Marine  
  31  4:43  SCV, Marine  
  31  4:45  SCV  
  34  4:56  Terran Infantry Weapons Level 1  
  34  4:57  SCV  
  35  5:01  Marine  
  36  5:09  SCV  
  37  5:18  Hellbat  
  37  5:19  Marine  
  37  5:20  Siege Tank  
  43  5:21  SCV  
  44  5:29  Liberator  
  44  5:39  Hellbat  
  49  5:56  Marine  
  50  6:04  Supply Depot  
  50  6:07  Supply Depot  
  50  6:14  Marine  
  48  6:32  Marine  
  49  6:50  Marine  
  50  6:56  SCV  
  51  7:05  Refinery  
  51  7:07  Marine  
  51  7:08  SCV  
  50  7:18  Thor  
  50  7:20  SCV  
  50  7:21  Hellbat  
  59  7:25  Marine  
  60  7:32  SCV  
  60  7:36  Missile Turret  
  61  7:41  Missile Turret  
  61  7:42  Hellbat  
  61  7:43  Marine  
  64  7:44  SCV  
  64  7:50  Supply Depot  
  65  7:53  Supply Depot  
  65  7:54  Terran Infantry Armor Level 1  
  65  7:56  SCV  
  66  8:00  Starport Tech Lab  
  66  8:01  Marine  
  66  8:04  Hellbat  
  69  8:11  Thor  
  69  8:12  Fusion Core  
  75  8:19  Marine  
  76  8:26  Supply Depot  
  76  8:31  Hellbat  
  78  8:37  Marine  
  79  8:54  Thor, Marine  
  79  8:55  Terran Vehicle Weapons Level 1  
  86  9:05  Hellbat  
  88  9:12  Supply Depot, Marine  
  88  9:16  Supply Depot  
  89  9:17  SCV  
  89  9:24  Refinery  
  90  9:26  Hellbat  
  90  9:29  SCV  
  90  9:30  Marine  
  94  9:42  SCV  
  94  9:45  Battlecruiser  
  101  9:48  Terran Infantry Weapons Level 2, Hellbat, Marine  
  104  9:54  SCV  
  105  10:03  SCV  
  105  10:06  Marine  
  107  10:23  Marine  
  108  10:30  Starport  
  108  10:42  Supply Depot  
  108  10:44  Supply Depot, Command Center  
  108  10:47  Supply Depot  
  108  10:49  Terran Vehicle And Ship Armor Level 1  
  108  11:03  Thor, Weapon Refit  
  114  11:08  Hellbat  
  114  11:09  Marine  
  117  11:17  Viking  
  119  11:27  Marine  
  119  11:30  Hellbat  
  122  11:45  Marine  
  123  11:47  Viking  
  39  12:23  Hellbat  
  39  12:24  Thor  
  39  12:25  Marine  
  48  12:43  Marine  
  48  12:45  Hellbat  
  50  13:00  Marine  
Tags
 
Add a new tag
Caveats
  • Supply blocks, unpowered buildings, or Contaminate may cause inaccurate times.
  • Supply counts are checked every 10 seconds.